3R
HICKSVILLE HOUNDS @ AMARILLO WARHEADS
07/28/2037
 
TOP OF THE 1ST
Hicksville Hounds batting - Pitching for Amarillo Warheads : RHP Alberto López
Pitching: RHP Alberto López
Batting: RHB Adam Black 0-0: Ball
1-0: Ball
2-0: Called Strike
2-1: Swinging Strike
2-2: Strikes out swinging
Batting: LHB Robbie Care 0-0: Called Strike
0-1: Ball
1-1: Ball
2-1: Ground out 6-3 (Groundball, 6, EV 96.2 MPH)
Batting: SHB Paul Wood 0-0: Foul Ball, location: 2F
0-1: Foul Ball, location: 2F
0-2: Ball
1-2: Ball
2-2: Foul Ball, location: 2F
2-2: Foul Ball, location: 2F
2-2: Fly out, F8 (Line Drive, 8LD, EV 86.9 MPH)
Top of the 1st over - 0 runs, 0 hits, 0 errors, 0 left on base; Hicksville 0 - Amarillo 0
BOTTOM OF THE 1ST
Amarillo Warheads batting - Pitching for Hicksville Hounds : RHP David Schrattenthaler
Pitching: RHP David Schrattenthaler
Batting: RHB Norihisa Kino 0-0: Ball
1-0: Ground out 4-3 (Groundball, 4S, EV 90.6 MPH)
Batting: LHB Caspar Fewings 0-0: Ball
1-0: Fly out, F8 (Flyball, 8LS, EV 92.5 MPH)
Batting: RHB Taysir bin Mahmud 0-0: Ball
1-0: Ball
2-0: Ball
3-0: Base on Balls
Batting: RHB António Hierro 0-0: Ball
1-0: Ball
2-0: Called Strike
2-1: Fielders Choice at 2nd, 6-4 (Groundball, 6, EV 86.2 MPH)
Bottom of the 1st over - 0 runs, 0 hits, 0 errors, 1 left on base; Hicksville 0 - Amarillo 0
TOP OF THE 2ND
Hicksville Hounds batting - Pitching for Amarillo Warheads : RHP Alberto López
Batting: RHB Luther H. Greene 0-0: Foul Ball, location: 2F
0-1: Ground out 5-3 (Groundball, 56S, EV 66.9 MPH)
Batting: RHB Aloysius Szymanski 0-0: Ball
1-0: Ball
2-0: Called Strike
2-1: Ball
3-1: Base on Balls
Batting: SHB Juan Alonso 0-0: Fielders Choice at 2nd, 1-6 (Groundball, P, EV 71.2 MPH)
Batting: LHB Trent Armstrong 0-0: Ball
1-0: Ball
2-0: Called Strike
2-1: Swinging Strike
2-2: Ball
3-2: Base on Balls
Juan Alonso to second
Batting: RHB Rafael Briones 0-0: Swinging Strike
0-1: Called Strike
0-2: Ball
1-2: Ball
2-2: Fielders Choice at 2nd, 5-4 (Groundball, 5, EV 101.2 MPH)
Top of the 2nd over - 0 runs, 0 hits, 0 errors, 2 left on base; Hicksville 0 - Amarillo 0
BOTTOM OF THE 2ND
Amarillo Warheads batting - Pitching for Hicksville Hounds : RHP David Schrattenthaler
Batting: RHB Alfred Coleman 0-0: Ground out 6-3 (Groundball, 6, EV 81.9 MPH)
Batting: LHB Tippi Degré 0-0: Ball
1-0: Fly out, F9 (Line Drive, 9, EV 103.8 MPH)
Batting: RHB Joe Holmes 0-0: Fly out, F4 (Popup, 34D, EV 56.9 MPH)
Bottom of the 2nd over - 0 runs, 0 hits, 0 errors, 0 left on base; Hicksville 0 - Amarillo 0
TOP OF THE 3RD
Hicksville Hounds batting - Pitching for Amarillo Warheads : RHP Alberto López
Batting: RHB Bob Sims 0-0: Ball
1-0: Ball
2-0: Ball
3-0: Called Strike
3-1: Base on Balls
Batting: RHB Adam Black 0-0: Fly out, F8 (Line Drive, 8RD, EV 88.1 MPH)
Batting: LHB Robbie Care 0-0: Called Strike
0-1: Fly out, F9 (Flyball, 9LS, EV 92.5 MPH)
Batting: SHB Paul Wood 0-0: Ball
1-0: Ball
2-0: Foul Ball, location: 2F
2-1: Ball
3-1: Fielders Choice at 2nd, 6-4 (Groundball, 6, EV 98.1 MPH)
Top of the 3rd over - 0 runs, 0 hits, 0 errors, 1 left on base; Hicksville 0 - Amarillo 0
BOTTOM OF THE 3RD
Amarillo Warheads batting - Pitching for Hicksville Hounds : RHP David Schrattenthaler
Batting: RHB John Crosby 0-0: Ball
1-0: Ball
2-0: Ball
3-0: Base on Balls
Batting: RHB Gary Pueblo 0-0: Swinging Strike
0-1: Swinging Strike
0-2: Strikes out looking
Batting: RHB Norihisa Kino 0-0: Swinging Strike
0-1: Called Strike
0-2: Ball
1-2: Ball
2-2: Strikes out swinging
Batting: LHB Caspar Fewings 0-0: Ball
1-0: Called Strike
1-1: Ball
2-1: Foul Ball, location: 2F
2-2: Reached on error, E5 (Groundball, 56S, EV 82.5 MPH)
John Crosby to second
Batting: RHB Taysir bin Mahmud 0-0: Called Strike
0-1: Ball
1-1: Ball
2-1: Ball
3-1: Called Strike
3-2: Base on Balls
John Crosby to third
Caspar Fewings to second
Batting: RHB António Hierro 0-0: Swinging Strike
0-1: Ball
1-1: Called Strike
1-2: Ball
2-2: Ball
3-2: Base on Balls
John Crosby scores
Caspar Fewings to third
Taysir bin Mahmud to second
Batting: RHB Alfred Coleman 0-0: Ball
1-0: Ball
2-0: Called Strike
2-1: Fly out, F8 (Flyball, 8LM, EV 90.6 MPH)
Bottom of the 3rd over - 1 run, 0 hits, 1 error, 3 left on base; Hicksville 0 - Amarillo 1
TOP OF THE 4TH
Hicksville Hounds batting - Pitching for Amarillo Warheads : RHP Alberto López
Batting: RHB Luther H. Greene 0-0: Ball
1-0: Ball
2-0: Called Strike
2-1: Ball
3-1: Swinging Strike
3-2: Strikes out looking
Batting: RHB Aloysius Szymanski 0-0: Ball
1-0: Ground out 4-3 (Groundball, 34, EV 110.0 MPH)
Batting: SHB Juan Alonso 0-0: Called Strike
0-1: Swinging Strike
0-2: Ball
1-2: Ball
2-2: Foul Ball, location: 2F
2-2: Ball
3-2: Strikes out looking
Top of the 4th over - 0 runs, 0 hits, 0 errors, 0 left on base; Hicksville 0 - Amarillo 1
BOTTOM OF THE 4TH
Amarillo Warheads batting - Pitching for Hicksville Hounds : RHP David Schrattenthaler
Batting: LHB Tippi Degré 0-0: Ball
1-0: Called Strike
1-1: Ball
2-1: Foul Ball, location: 2F
2-2: Strikes out swinging
Batting: RHB Joe Holmes 0-0: Called Strike
0-1: Ball
1-1: Swinging Strike
1-2: Strikes out swinging, 2-3 out at first.
Batting: RHB John Crosby 0-0: Foul Ball, location: 2F
0-1: Ball
1-1: Ball
2-1: Foul Ball, location: 2F
2-2: Ball
3-2: Foul Ball, location: 2F
3-2: Foul Ball, location: 2F
3-2: Foul Ball, location: 2F
3-2: Base on Balls
Batting: RHB Gary Pueblo 0-0: Ball
1-0: Ground out 6-3 (Groundball, 6, EV 111.9 MPH)
Bottom of the 4th over - 0 runs, 0 hits, 0 errors, 1 left on base; Hicksville 0 - Amarillo 1
TOP OF THE 5TH
Hicksville Hounds batting - Pitching for Amarillo Warheads : RHP Alberto López
Batting: LHB Trent Armstrong 0-0: SINGLE (Line Drive, 5D, EV 98.1 MPH)
Batting: RHB Rafael Briones 0-0: Sac Bunt to 23 - play at second, runner OUT! 3-6
Batting: RHB Bob Sims 0-0: Called Strike
0-1: Ball
1-1: Ball
2-1: Grounds into double play, 1-6-3 (Groundball, 13, EV 71.9 MPH)
Top of the 5th over - 0 runs, 1 hit, 0 errors, 0 left on base; Hicksville 0 - Amarillo 1
BOTTOM OF THE 5TH
Amarillo Warheads batting - Pitching for Hicksville Hounds : RHP David Schrattenthaler
Batting: RHB Norihisa Kino 0-0: SINGLE (Line Drive, 34D, EV 96.9 MPH)
Batting: LHB Caspar Fewings 0-0: Ball
1-0: DOUBLE (Flyball, 78XD, EV 108.1 MPH)
Norihisa Kino to third
Batting: RHB Taysir bin Mahmud 0-0: SINGLE (Groundball, 34, EV 101.2 MPH) (infield hit)
Norihisa Kino scores
Caspar Fewings to third
Batting: RHB António Hierro 0-0: Called Strike
0-1: Swinging Strike
0-2: Foul Ball, location: 2F
0-2: Ball
1-2: Grounds into double play, 3-6-3 (Groundball, 34, EV 87.5 MPH)
Caspar Fewings scores
Batting: RHB Alfred Coleman 0-0: Called Strike
0-1: Foul Ball, location: 2F
0-2: Ball
1-2: Ball
2-2: Ground out 4-3 (Groundball, 4, EV 108.1 MPH)
Bottom of the 5th over - 2 runs, 3 hits, 0 errors, 0 left on base; Hicksville 0 - Amarillo 3
TOP OF THE 6TH
Hicksville Hounds batting - Pitching for Amarillo Warheads : RHP Alberto López
Batting: RHB Adam Black 0-0: Called Strike
0-1: Foul Ball, location: 2F
0-2: Fly out, F8 (Flyball, 78S, EV 81.2 MPH)
Batting: LHB Robbie Care 0-0: Swinging Strike
0-1: Ball
1-1: Ground out 6-3 (Groundball, 56, EV 89.4 MPH)
Batting: SHB Paul Wood 0-0: Ball
1-0: Called Strike
1-1: Foul Ball, location: 2F
1-2: Strikes out swinging
Top of the 6th over - 0 runs, 0 hits, 0 errors, 0 left on base; Hicksville 0 - Amarillo 3
BOTTOM OF THE 6TH
Amarillo Warheads batting - Pitching for Hicksville Hounds : RHP David Schrattenthaler
Pitching: RHP Tian-bai Hou
Batting: LHB Tippi Degré 0-0: Called Strike
0-1: Ball
1-1: SINGLE (Groundball, 4, EV 90.6 MPH) (infield hit)
Batting: RHB Joe Holmes 0-0: Ball
1-0: Swinging Strike
1-1: Foul Ball, location: 2F
1-2: Ball
2-2: Grounds into double play, 5-4-3 (Groundball, 56, EV 109.4 MPH)
Batting: RHB John Crosby 0-0: Ball
1-0: Swinging Strike
1-1: Fly out, F6 (Popup, 6D, EV 73.8 MPH)
Bottom of the 6th over - 0 runs, 1 hit, 0 errors, 0 left on base; Hicksville 0 - Amarillo 3
TOP OF THE 7TH
Hicksville Hounds batting - Pitching for Amarillo Warheads : RHP Alberto López
Batting: RHB Luther H. Greene 0-0: Called Strike
0-1: Ball
1-1: Ball
2-1: DOUBLE (Groundball, 5L, EV 95.0 MPH)
Pitching: RHP Alco Roelofs
Batting: RHB Aloysius Szymanski 0-0: Called Strike
0-1: Ball
1-1: Swinging Strike
1-2: Foul Ball, location: 2F
1-2: Strikes out swinging
Pitching: RHP Ryan Robertson
Batting: SHB Juan Alonso 0-0: Called Strike
0-1: Called Strike
0-2: Ball
1-2: Strikes out swinging
Batting: LHB Trent Armstrong 0-0: Fly out, F9 (Flyball, 89M, EV 85.0 MPH)
Top of the 7th over - 0 runs, 1 hit, 0 errors, 1 left on base; Hicksville 0 - Amarillo 3
BOTTOM OF THE 7TH
Amarillo Warheads batting - Pitching for Hicksville Hounds : RHP Tian-bai Hou
Batting: RHB Gary Pueblo 0-0: Called Strike
0-1: Called Strike
0-2: Strikes out swinging
Batting: RHB Norihisa Kino 0-0: Ground out 5-3 (Groundball, 56D, EV 94.4 MPH)
Batting: LHB Caspar Fewings 0-0: Called Strike
0-1: Ball
1-1: Ball
2-1: DOUBLE (Line Drive, 7LS, EV 90.0 MPH)
Batting: RHB Taysir bin Mahmud 0-0: Intentional Walk
Batting: RHB António Hierro 0-0: Ball
1-0: Ball
2-0: SINGLE (Groundball, 34D, EV 99.4 MPH)
Caspar Fewings to third
Taysir bin Mahmud to second
Runner from 3rd tries for Home, SAFE, no throw by RF
Batting: RHB Alfred Coleman 0-0: Ball
1-0: Foul Ball, location: 2F
1-1: Fly out, F5 (Line Drive, 5, EV 74.4 MPH)
Bottom of the 7th over - 1 run, 2 hits, 0 errors, 2 left on base; Hicksville 0 - Amarillo 4
TOP OF THE 8TH
Hicksville Hounds batting - Pitching for Amarillo Warheads : RHP Ryan Robertson
Batting: RHB Rafael Briones 0-0: Ball
1-0: Ball
2-0: Ball
3-0: Base on Balls
Batting: RHB Bob Sims 0-0: Foul Ball, location: 2F
0-1: Foul Ball, location: 2F
0-2: Ball
1-2: Strikes out swinging
Batting: RHB Adam Black 0-0: Ball
1-0: Fielders Choice at 2nd, 5-4 (Groundball, 5, EV 76.9 MPH)
Batting: LHB Robbie Care 0-0: Called Strike
0-1: Called Strike
0-2: Ball
1-2: Strikes out swinging
Top of the 8th over - 0 runs, 0 hits, 0 errors, 1 left on base; Hicksville 0 - Amarillo 4
BOTTOM OF THE 8TH
Amarillo Warheads batting - Pitching for Hicksville Hounds : RHP Tian-bai Hou
Batting: LHB Tippi Degré 0-0: Ball
1-0: Called Strike
1-1: Swinging Strike
1-2: Strikes out looking
Batting: RHB Joe Holmes 0-0: Ball
1-0: Foul Ball, location: 2F
1-1: SINGLE (Flyball, 78S, EV 84.4 MPH)
Batting: RHB John Crosby 0-0: Foul Ball, location: 2F
0-1: Foul Ball, location: 2F
0-2: Strikes out looking
Batting: RHB Gary Pueblo 0-0: Foul Ball, location: 2F
0-1: Called Strike
0-2: Ball
1-2: Ball
2-2: Strikes out looking
Bottom of the 8th over - 0 runs, 1 hit, 0 errors, 1 left on base; Hicksville 0 - Amarillo 4
TOP OF THE 9TH
Hicksville Hounds batting - Pitching for Amarillo Warheads : RHP Ryan Robertson
Batting: SHB Paul Wood 0-0: Swinging Strike
0-1: Foul Ball, location: 2F
0-2: Foul Ball, location: 2F
0-2: Foul Ball, location: 2F
0-2: Ball
1-2: Strikes out looking
Batting: RHB Luther H. Greene 0-0: Called Strike
0-1: Swinging Strike
0-2: Ball
1-2: Fly out, F8 (Flyball, 8RS, EV 86.9 MPH)
Batting: RHB Aloysius Szymanski 0-0: Foul Ball, location: 2F
0-1: Foul Ball, location: 2F
0-2: Foul Ball, location: 2F
0-2: Strikes out swinging
Top of the 9th over - 0 runs, 0 hits, 0 errors, 0 left on base; Hicksville 0 - Amarillo 4
Thursday, January 23rd, 2020 - OOTP Baseball 20.8 Build 74